 Dungeon Crawl Stone Soup version 0.30-a0-765-g3161bf10a1 (webtiles) character file.

Game seed: 9053426114019316171

127 Conn the Firebug (level 5, -1/32 HPs)
             Began as an Octopode Fire Elementalist on Feb 12, 2023.
             Killed from afar by Natasha (20 damage)
             ... with a bolt of dispelling energy
             ... on level 2 of the Dungeon.
             The game lasted 00:03:18 (1376 turns).

Conn the Firebug (Octopode Fire Elementalist)       Turns: 1376, Time: 00:03:19

Health: -1/32      AC:  1    Str: 12    XL:     5   Next: 11%
Magic:  0/8        EV: 13    Int: 19    God:
Gold:   76         SH:  0    Dex: 14    Spells: 3/9 levels left

rFire   . . .      SeeInvis .    i - +3 sling of Sunlight {drain, rPois rCorr Str+4 Dex+2}
rCold   . . .      Faith    .    (no shield)
rNeg    . . .      Spirit   .    (helmet restricted)
rPois   +          Reflect  .    (no amulet)
rElec   .          Harm     .    (no ring)
rCorr   +          Rampage  .    (no ring)
Will    .....                    (no ring)
Stlth   +++                      (no ring)
HPRegen 0.25/turn                (no ring)
MPRegen 0.11/turn                (no ring)
                                 (no ring)
                                 (no ring)

@: no status effects
A: almost no armour, amphibious, 8 rings, camouflage 1, gelatinous body 1,
(nimble swimmer 1), tentacles
a: no special abilities


You were on level 2 of the Dungeon.
You visited 1 branch of the dungeon, and saw 2 of its levels.

You collected 76 gold pieces.

Inventory:

Hand Weapons
 b - a +2 dagger of draining
 e - a +0 short sword
 f - a +2 short sword of venom
 i - the +3 sling of Sunlight (weapon) {drain, rPois rCorr Str+4 Dex+2}
   (You found it on level 2 of the Dungeon)

   Str:       It affects your strength (+4).
   Dex:       It affects your dexterity (+2).
   rPois:     It protects you from poison.
   rCorr:     It protects you from acid and corrosion.
Scrolls
 d - a scroll of fog {unknown}
 g - a scroll of identify {unknown}
 l - a scroll of fear {unknown}
 p - a scroll of teleportation {unknown}
 q - a scroll of vulnerability {unknown}
 r - a scroll of enchant weapon {unknown}
Potions
 a - a potion of magic
 c - a potion of heal wounds {unknown}
 h - a potion of cancellation {unknown}
 j - a potion of lignification {unknown}
 k - a potion of ambrosia {unknown}
 m - a potion of attraction {unknown}
 n - a potion of flight {unknown}
 o - a potion of mutation {unknown}


   Skills:
 + Level 0.3 Fighting
 + Level 1.0 Short Blades
 * Level 1.4 Ranged Weapons
 + Level 2.3 Dodging
 + Level 3.3 Stealth
 + Level 2.5 Spellcasting
 + Level 1.7 Conjurations
 + Level 4.0 Fire Magic


You had 3 spell levels left.
You knew the following spells:

 Your Spells              Type           Power      Damage    Failure   Level
a - Foxfire               Conj/Fire      52%        2x1d6     4%          1
c - Inner Flame           Hex/Fire       10%        N/A       22%         3
e - Scorch                Fire           34%        2d7       4%          2

Your spell library contained the following spells:

 Spells                   Type           Power      Damage    Failure   Level
 Kindle Blastsparks       Fire/Tloc/Air  14%        2d11      28%         3
 Tukima's Dance           Hex            2%         N/A       43%         3
 Flame Wave               Conj/Fire      13%        2d6       43%         4
 Passage of Golubria      Tloc           2%         N/A       85%         4
 Yara's Violent Unravell  Hex/Tmut       1%         3d3       99%         5


Dungeon Overview and Level Annotations

Branches:
Dungeon (2/15)

Altars:

Annotations:
D:2 Natasha


Innate Abilities, Weirdness & Mutations

You cannot wear most types of armour.
You are amphibious.
You can wear up to eight rings at the same time.
Your skin changes colour to match your surroundings (Stealth+).
Your rubbery body absorbs attacks. (AC +1, EV +1)
((You are camouflaged when in or above water. (Stealth+)))
You have tentacles for arms and can constrict up to eight enemies at once.


Message History

Your Fire Magic skill increases to level 4!
You have reached level 5!
You feel stronger.
Casting: Foxfire (safe; 4% risk of failure)
Confirm with . or Enter, or press ? or * to list all spells.
You conjure some foxfire!
Unknown command.
Your foxfire dissipates! x2
Your foxfire dissipates! x2
Natasha, Servant of Life and Death comes into view.
She is carrying a wand of quicksilver (14).
Natasha howls an incantation.
You feel troubled.
Natasha mumbles some strange words.
Found a green potion.
Natasha mumbles some strange words.
You feel disoriented.
Things that are here:
a +0 dagger; a goblin corpse Natasha zaps a wand.
The bolt of dispelling energy hits you!
Your magical effects are unravelling.
You feel yourself speed up.
Casting: Foxfire (safe; 4% risk of failure)
Confirm with . or Enter, or press ? or * to list all spells.
You conjure some foxfire!
Natasha casts a spell.
Unknown command.
Casting: Foxfire (safe; 4% risk of failure)
Confirm with . or Enter, or press ? or * to list all spells.
You conjure some foxfire!
The foxfire hits the shadow imp.
The shadow imp is heavily wounded.
Unknown command.
The foxfire hits Natasha but does no damage.
The foxfire hits the shadow imp.
You kill the shadow imp!
The shadow imp disappears in a puff of smoke!
The foxfire hits Natasha but does no damage.
Natasha zaps a wand.
The bolt of dispelling energy hits you!!
Ouch! That really hurt!
You die...

#!....# .....
..5..
#######....
#..........
#......##.#
#......##†#
#...§§.##h##
#....§@§...#####
#.....§.§§.....#
#######§§......#
. #........# ..
#...>....##.#.
#.............
#......).###
#........##
#.........##.##


You could see Natasha.

Vanquished Creatures
  Terence (D:2)
  Natasha (D:2)
  3 adders
  A dart slug (D:1)
  6 bats
  6 endoplasms
  4 giant cockroaches
  5 goblins
  4 hobgoblins (D:1)
  A jackal (D:2)
  3 kobolds (D:1)
  2 quokkas (D:2)
  4 ball pythons
  A frilled lizard (D:1)
  3 rats
45 creatures vanquished.

Vanquished Creatures (others)
  83 foxfires
83 creatures vanquished.

Grand Total: 128 creatures vanquished

Notes
Turn   | Place    | Note
-------+----------+-------------------------------------------
     0 | D:1      | Conn the Octopode Fire Elementalist began the quest for the
                  | Orb.
     0 | D:1      | Reached XP level 1. HP: 11/11 MP: 3/3
   178 | D:1      | Reached XP level 2. HP: 17/17 MP: 1/5
   592 | D:1      | Reached XP level 3. HP: 19/21 MP: 6/6
  1001 | D:2      | Noticed Terence
  1014 | D:1      | Learned a level 2 spell: Scorch
  1018 | D:1      | Learned a level 3 spell: Inner Flame
  1055 | D:2      | Reached skill level 1 in Short Blades
  1056 | D:2      | Identified the +3 sling of Sunlight {drain, rPois rCorr
                  | Str+4 Dex+2}
  1109 | D:2      | Reached XP level 4. HP: 27/27 MP: 7/7
  1120 | D:2      | Killed Terence
  1363 | D:2      | Noticed Natasha
  1366 | D:2      | Killed Natasha
  1367 | D:2      | Reached skill level 1 in Ranged Weapons
  1367 | D:2      | Reached skill level 4 in Fire Magic
  1367 | D:2      | Reached XP level 5. HP: 32/32 MP: 2/8
  1370 | D:2      | Noticed Natasha
  1376 | D:2      | Killed from afar by Natasha

Illustrated notes

Levels and vault maps discovered:
D:1:      lightli_arrival_maybe_door_vault, layout_loops_ring
D:2:      layout_rooms, basic_altar, uniq_terence, uniq_crazy_yiuf_cottage,
          uniq_natasha

Skill      XL: |  1  2  3  4 |
---------------+-------------+-----
Stealth        | 3 |  3.3
Short Blades   | 1 |  1.0
Ranged Weapons | 1 |  1.4
Fire Magic     | 4 |  4.0
Fighting       | |  0.3
Dodging        | |  2.3
Spellcasting   | |  2.5
Conjurations   | |  1.7

Action                     |  1- 3 |  4- 6 || total
---------------------------+-------+-------++-------
  Melee: Unarmed           |     2 |       ||     2
         Dagger            |    10 |       ||    10
         Short sword       |    10 |       ||    10
         Constrict         |     4 |       ||     4
         Tentacles         |     2 |       ||     2
   Fire: Sling             |     4 |    20 ||    24
   Cast: Foxfire           |    40 |     8 ||    48
         Scorch            |       |     3 ||     3
   Stab: Sleeping          |     2 |       ||     2
 Armour: Skin              |     5 |     1 ||     6
  Dodge: Dodged            |    14 |     5 ||    19

Table legend: (Time is in decaauts)
 A = Elapsed time spent in this place.
 B = Non-inter-level travel time spent in this place.
 C = Inter-level travel time spent in this place.
 D = Time resting spent in this place.
 E = Time spent auto-exploring this place.
 F = Levels seen in this place.
 G = Mean time per level.
                   A        B        C        D        E       F      G
               +--------+--------+--------+--------+--------+-----+--------+
         Total |   1386 |   1374 |     12 |      0 |    965 |   2 |  693.0 |
       Dungeon |   1386 |   1374 |     12 |      0 |    965 |   2 |  693.0 |
               +--------+--------+--------+--------+--------+-----+--------+

Top non-repeatable levels by time:
     D:1: 1044 daAuts
     D:2: 342 daAuts
